 Dungeon Crawl Stone Soup version 0.16.1-30-g34a7ffa (webtiles) character file.

99 Wooh00 the Sneak (level 4, -7/21 HPs)
             Began as a Spriggan Conjurer on June 24, 2015.
             Shot with an arrow by a centaur (8 damage)
             ... on level 3 of the Dungeon.
             The game lasted 00:17:02 (2227 turns).

Wooh00 the Sneak (Spriggan Conjurer)                Turns: 2227, Time: 00:17:02

Health: -7/21      AC:  7    Str:  4    XL:     4   Next: 45%
Magic:  4/14       EV: 18    Int: 17    God:
Gold:   85         SH:  0    Dex: 16    Spells: 1 memorised, 9 levels left

rFire  + . .     SeeInvis +     e - +0 dagger (protect)
rCold  . . .     Clarity  .     a - +0 robe
rNeg   . . .     SustAb   .     (shield restricted)
rPois  .         Gourm    .     (helmet restricted)
rElec  .         Spirit   .     (no cloak)
rCorr  .         Warding  .     (gloves unavailable)
rMut   .         Stasis   .     (boots unavailable)
MR     .....                    (no amulet)
Stlth  +++.......               p - ring of protection from fire
                                (no ring)

@: very quick, not resistant to hostile enchantments, fairly stealthy
A: unfitting armour, see invisible, herbivore 3, speed 3, slow metabolism 2
a: no special abilities


You were on level 3 of the Dungeon.
You were very full.

You visited 1 branch of the dungeon, and saw 3 of its levels.

You collected 85 gold pieces.

Inventory:

Hand weapons
 d - a +0 dagger
 e - a +0 dagger of protection (weapon)
Armour
 a - a +0 robe (worn)
Jewellery
 o - an uncursed ring of fire
 p - a ring of protection from fire (right hand)
Scrolls
 b - a scroll of enchant armour {unknown}
 k - a scroll of identify {unknown}
 m - a scroll of teleportation {unknown}
Potions
 f - a potion of cure mutation {unknown}
 g - a potion of cancellation {unknown}
 h - 2 potions of degeneration {unknown}
 i - a potion of heal wounds {unknown}
 l - a potion of agility
 n - a potion of might {unknown}
Books
 c - a book of Conjurations

   Spells                             Type                      Level
   a - Magic Dart                     Conjuration                  1
   b - Searing Ray                    Conjuration                  2
   c - Dazzling Spray                 Conjuration/Hexes            3
   d - Fulminant Prism                Conjuration/Hexes            4
   e - Iskenderun's Mystic Blast      Conjuration                  4
   f - Iskenderun's Battlesphere      Conjuration/Charms           5
Comestibles
 j - 2 bread rations


   Skills:
 + Level 1.9 Short Blades
 - Level 3.0 Dodging
 * Level 4.6 Stealth
 - Level 3.9 Spellcasting
 + Level 3.3 Conjurations


You had 9 spell levels left.
You knew the following spells:

 Your Spells              Type           Power        Failure   Level  Hunger
a - Magic Dart            Conj           ##..         4%          1    None


Dungeon Overview and Level Annotations

Branches:
Dungeon (3/15)

Altars:
Okawaru


Innate Abilities, Weirdness & Mutations

You are tiny and cannot use many weapons and most armour.
You have supernaturally acute eyesight.
You are a herbivore.
You cover ground extremely quickly.
You need consume almost no food.


Message History

Confirm with . or Enter, or press ? or * to list all spells.
Aiming: Magic Dart
Press: ? - help, Shift-Dir - straight line, f/p - centaur
Aim: a centaur (almost dead)
The magic dart hits the centaur.
The centaur is almost dead.
The centaur misses you. The centaur barely misses you.
Your magical contamination has completely faded away.
Casting: Magic Dart
Confirm with . or Enter, or press ? or * to list all spells.
Aiming: Magic Dart
Press: ? - help, Shift-Dir - straight line, f/p - centaur
Aim: a centaur (almost dead)
The magic dart hits the centaur.
The centaur is almost dead.
The centaur hits you.
* * * LOW HITPOINT WARNING * * *
The centaur wields an uncursed shortbow.
The centaur shoots an arrow.
The arrow hits you!
You die...

..# #.. . #.# #. #.#
#. #.# # # #.##.# ...
#.##.##.#### ..##
#........@.# .....
###...(...#####...####
#.......c(..........
#....%.(#####.?.####
#.......# ..#
#.......# .#
####.......# #
#.#####......#####
#.(.......##.#


You could see a centaur.

Vanquished Creatures
  Natasha (D:3)
  4 adders (D:2)
  3 giant geckos
  8 bats
  3 giant cockroaches
  3 hobgoblins
  5 kobolds
  A quokka (D:2)
  3 giant newts
  3 goblins
  2 jackals (D:2)
  7 rats
43 creatures vanquished.

Notes
Turn   | Place    | Note
--------------------------------------------------------------
     0 | D:1      | Wooh00, the Spriggan Conjurer, began the quest for the Orb.
     0 | D:1      | Reached XP level 1. HP: 9/9 MP: 4/4
   704 | D:1      | Found an iron altar of Okawaru.
   867 | D:1      | Reached XP level 2. HP: 13/13 MP: 6/8
  1247 | D:2      | Reached skill level 1 in Short Blades
  1387 | D:2      | Reached XP level 3. HP: 16/16 MP: 4/11
  1915 | D:2      | Reached skill level 4 in Stealth
  1915 | D:2      | Reached XP level 4. HP: 19/21 MP: 14/14
  2107 | D:3      | Noticed a centaur
  2108 | D:3      | Noticed Natasha
  2129 | D:3      | Killed Natasha
  2226 | D:3      | HP: 1/21 [centaur (4)]
  2227 | D:3      | Shot with an arrow by a centaur

Action                   |  1- 3 |  4- 6 || total
-------------------------+-------+-------++-------
Melee: Dagger            |    26 |    18 ||    44
 Cast: Magic Dart        |    66 |    28 ||    94
 Stab: Sleeping          |     5 |     1 ||     6
  Eat: Bread ration      |     1 |       ||     1
